Map: Ascension to Aiur LE

Players

herO - Winner!

  • Race: Protoss Protoss
  • Spawn Location: 11:00

Elazer

  • Race: Zerg Zerg
  • Spawn Location: 5:00

Event: 2017 WCS Global Finals

VOD

Have the link to the VOD?

Description

Time

  • Played on: Oct. 28, 2017, 12:50 p.m.
  • Length: 10:42

All games in this series

Show
View Real Time Build Order
Export as new Build Order

herO Protoss - Winner!

Build Orders: 1 Gate Expand, Oracle Opening, Phoenix Opening 

Get SALT Encoding   

  12  0:01  Probe (Chrono Boost)  
  13  0:11  Probe (Chrono Boost)  
  14  0:17  Pylon  
  14  0:22  Probe (Chrono Boost)  
  16  0:35  Probe (Chrono Boost)  
  16  0:38  Gateway  
  16  0:46  Assimilator, Probe (Chrono Boost)  
  17  0:56  Probe (Chrono Boost)  
  18  1:07  Probe (Chrono Boost)  
  19  1:20  Nexus  
  19  1:24  Probe (Chrono Boost)  
  20  1:35  Cybernetics Core  
  20  1:37  Probe (Chrono Boost)  
  21  1:42  Assimilator  
  21  1:47  Probe (Chrono Boost)  
  21  1:51  Pylon  
  22  1:58  Probe (Chrono Boost)  
  23  2:09  Probe (Chrono Boost)  
  23  2:11  Adept (Chrono Boost)  
  26  2:21  Probe  
  27  2:24  Stargate  
  27  2:31  Warp Gate, Probe  
  27  2:33  Probe  
  27  2:36  Adept (Chrono Boost)  
  31  2:41  Probe  
  32  2:45  Probe  
  33  2:53  Probe (Chrono Boost)  
  33  2:56  Pylon  
  33  2:58  Probe (Chrono Boost)  
  35  2:59  Adept (Chrono Boost)  
  35  3:04  Probe (Chrono Boost)  
  38  3:08  Probe (Chrono Boost)  
  38  3:09  Oracle (Chrono Boost)  
  42  3:14  Probe  
  43  3:20  Probe  
  43  3:25  Probe  
  45  3:32  Probe  
  46  3:40  Nexus, Phoenix (Chrono Boost)  
  48  3:43  Pylon  
  48  3:45  Probe x2  
  50  3:50  Assimilator  
  50  3:52  Assimilator  
  50  3:57  Probe  
  50  4:01  Probe  
  50  4:02  Oracle (Chrono Boost)  
  55  4:08  Probe  
  56  4:13  Probe  
  57  4:17  Gateway  
  57  4:18  Pylon  
  57  4:20  Assimilator, Probe  
  58  4:25  Assimilator, Probe  
  58  4:30  Probe  
  59  4:37  Oracle (Chrono Boost), Probe  
  64  4:42  Probe  
  65  4:49  Probe  
  65  4:51  Stargate x2  
  65  4:52  Probe  
  66  4:53  Probe  
  68  5:01  Probe  
  68  5:03  Probe  
  68  5:04  Probe  
  68  5:06  Zealot  
  73  5:08  Oracle (Chrono Boost)  
  73  5:13  Mothership Core, Probe  
  76  5:14  Probe  
  76  5:20  Zealot  
  80  5:24  Probe  
  80  5:25  Probe  
  80  5:26  Zealot  
  83  5:33  Pylon  
  83  5:35  Probe  
  84  5:36  Probe  
  85  5:45  Pylon  
  85  5:51  Oracle x2 (Chrono Boost), Probe x2  
  85  5:54  Pylon  
  93  6:00  Probe  
  93  6:01  Oracle (Chrono Boost)  
  92  6:10  Probe x2  
  92  6:12  Pylon  
  92  6:13  Zealot, Probe  
  92  6:14  Zealot, Twilight Council  
  92  6:15  Forge  
  97  6:20  Pylon  
  97  6:22  Oracle x2 (Chrono Boost), Probe  
  104  6:28  Probe  
  105  6:34  Oracle (Chrono Boost)  
  105  6:37  Protoss Ground Weapons Level 1  
  108  6:42  Blink (Chrono Boost)  
  108  6:45  Robotics Facility  
  108  6:47  Gateway  
  108  6:49  Gateway  
  108  6:50  Gateway  
  108  6:53  Oracle  
  111  6:54  Zealot x2  
  115  7:12  Gateway  
  115  7:13  Gateway  
  115  7:15  Pylon  
  115  7:16  Pylon  
  115  7:18  Stalker x2  
  115  7:20  Pylon  
  115  7:22  Photon Cannon  
  119  7:31  Warp Prism (Chrono Boost)  
  121  7:41  Stalker x2  
  125  7:45  Stalker x3  
  125  7:48  Gateway  
  125  7:50  Gateway  
  131  7:51  Pylon  
  131  7:52  Pylon  
  131  7:53  Photon Cannon, Pylon  
  131  8:04  Observer (Chrono Boost)  
  132  8:06  Stalker, Pylon  
  132  8:07  Stalker x3  
  132  8:08  Stalker x2  
  132  8:09  Stalker  
  146  8:32  Stalker x5  
  156  8:34  Stalker x2  
  149  8:56  Stalker x7  
  149  8:59  Stalker x2  
  151  9:25  Stalker  
  151  9:26  Stalker x8  
  140  9:55  Stalker x4  
  140  9:56  Stalker x5  
  158  10:06  Warp Prism (Chrono Boost)  
  158  10:21  Stalker x7  
  166  10:23  Stalker  
  166  10:27  Stalker  
Show
View Real Time Build Order
Export as new Build Order

Elazer Zerg 

Build Orders: Hatch First 

Get SALT Encoding   

  12  0:00  Drone  
  13  0:12  Overlord  
  13  0:17  Drone  
  14  0:30  Drone x2  
  16  0:48  Hatchery  
  15  0:51  Drone  
  15  0:54  Drone  
  17  0:58  Drone  
  18  1:10  Extractor  
  17  1:15  Spawning Pool  
  17  1:17  Drone  
  17  1:20  Drone  
  18  1:28  Drone  
  19  1:39  Overlord  
  19  1:49  Drone  
  20  2:01  Queen x2  
  20  2:02  Zergling x2  
  20  2:03  Drone  
  26  2:09  Metabolic Boost  
  26  2:12  Drone  
  26  2:15  Drone  
  28  2:22  Drone x2  
  30  2:33  Drone x2  
  32  2:45  Hatchery  
  32  2:48  Pneumatized Carapace  
  31  2:51  Zergling x2  
  31  2:57  Overlord  
  32  3:03  Drone x2  
  34  3:06  Drone  
  34  3:10  Zergling x2  
  36  3:14  Queen  
  36  3:16  Zergling x2  
  36  3:18  Drone x2  
  41  3:24  Drone  
  41  3:27  Drone x2  
  44  3:36  Spore Crawler  
  44  3:37  Drone  
  44  3:44  Spore Crawler  
  44  3:45  Overlord, Drone  
  44  3:56  Queen  
  44  3:57  Overlord, Drone x4  
  50  4:05  Drone x2  
  50  4:07  Lair  
  50  4:08  Drone x2  
  54  4:10  Drone  
  54  4:17  Overlord, Drone x2  
  55  4:22  Drone  
  55  4:23  Drone x2  
  60  4:25  Spore Crawler  
  60  4:30  Overlord  
  59  4:33  Extractor  
  59  4:34  Extractor, Evolution Chamber  
  59  4:35  Drone x2  
  58  4:42  Drone x2  
  60  4:46  Queen  
  60  4:51  Overlord  
  62  4:54  Drone  
  62  4:55  Drone  
  62  4:56  Drone  
  66  5:02  Overlord  
  66  5:05  Overlord, Drone  
  68  5:07  Zerg Missile Weapons Level 1  
  68  5:11  Hydralisk Den  
  67  5:14  Overlord  
  67  5:17  Drone, Zergling x8  
  67  5:19  Overlord  
  67  5:20  Overlord  
  71  5:25  Overlord  
  71  5:27  Overlord, Drone  
  71  5:29  Drone  
  71  5:30  Drone  
  73  5:38  Spire  
  73  5:41  Extractor  
  73  5:42  Drone x3  
  74  5:44  Drone x2  
  74  5:49  Drone  
  78  5:50  Drone x2  
  78  5:51  Drone  
  78  5:55  Drone  
  81  6:00  Overlord  
  78  6:04  Queen x2  
  78  6:05  Queen  
  80  6:14  Spore Crawler  
  80  6:16  Drone  
  80  6:17  Drone x3  
  83  6:19  Spore Crawler  
  83  6:23  Drone x2  
  83  6:24  Drone  
  85  6:26  Overlord  
  85  6:31  Overlord  
  85  6:32  Spore Crawler  
  83  6:33  Spore Crawler  
  80  6:45  Drone x4  
  84  6:48  Queen  
  84  6:51  Corruptor x6  
  98  7:05  Corruptor x2, Hatchery  
  98  7:07  Overlord  
  101  7:08  Drone  
  101  7:11  Extractor  
  101  7:13  Extractor, Drone x2  
  101  7:15  Zerg Missile Weapons Level 2  
  102  7:17  Drone  
  102  7:18  Drone x2  
  102  7:22  Drone x4  
  109  7:25  Drone  
  109  7:29  Muscular Augments  
  110  7:30  Overlord  
  110  7:32  Drone  
  111  7:41  Baneling Nest  
  111  7:42  Hydralisk x2  
  113  7:48  Drone x3  
  113  7:51  Overlord x2  
  116  7:54  Hydralisk  
  118  8:00  Hydralisk x2  
  118  8:01  Hydralisk x2  
  118  8:05  Hydralisk x2  
  126  8:11  Overlord  
  129  8:15  Hydralisk  
  129  8:16  Hydralisk  
  129  8:19  Hydralisk x3  
  133  8:21  Zergling x6  
  133  8:22  Zergling x2  
  133  8:23  Queen  
  133  8:26  Hydralisk  
  147  8:29  Hydralisk x2  
  147  8:32  Hydralisk  
  147  8:33  Zergling x6  
  156  8:38  Hydralisk  
  142  8:48  Hydralisk x3  
  142  8:55  Hydralisk x3  
  148  9:03  Overlord  
  148  9:09  Hydralisk  
  144  9:10  Hydralisk  
  144  9:12  Hatchery  
  144  9:16  Hydralisk  
  143  9:17  Zergling x12  
  143  9:23  Zergling x2  
  143  9:24  Zergling x8  
  123  9:33  Zergling x10  
  107  9:45  Zergling x4  
  96  9:54  Zergling x8  
  97  10:00  Zergling x6  
  97  10:04  Zergling x4  
  102  10:13  Hydralisk x2  
  101  10:20  Zergling x6  
  105  10:24  Zergling x4  
Tags
 
Add a new tag
Caveats
  • Supply blocks, unpowered buildings, or Contaminate may cause inaccurate times.
  • Supply counts are checked every 10 seconds.